Map: Ephemeron LE

Players

TheMusZero

  • Race: Protoss Protoss
  • League: Grandmaster
  • Spawn Location: 5:00

Clem - Winner!

  • Race: Terran Terran
  • League: Master
  • Spawn Location: 11:00

Event: NationWars 2019

VOD

Have the link to the VOD?

Description

Time

  • Played on: Nov. 14, 2019, 3:50 p.m.
  • Length: 10:47
Show
View Real Time Build Order
Export as new Build Order

TheMusZero Protoss 

Build Orders:  

Get SALT Encoding   

  12  0:00  Probe (Chrono Boost)  
  13  0:10  Probe (Chrono Boost)  
  14  0:18  Pylon  
  14  0:21  Probe  
  15  0:36  Probe  
  15  0:40  Forge  
  16  0:54  Pylon  
  16  0:55  Probe  
  17  1:12  Photon Cannon  
  17  1:15  Photon Cannon  
  17  1:25  Gateway  
  17  1:31  Probe  
  18  1:40  Assimilator  
  18  1:43  Probe  
  19  1:47  Assimilator  
  19  1:55  Probe  
  20  2:07  Probe  
  21  2:08  Gateway  
  21  2:12  Cybernetics Core  
  21  2:25  Probe  
  21  2:27  Zealot  
  24  2:35  Pylon  
  24  2:52  Stargate  
  24  2:53  Adept (Chrono Boost)  
  26  3:02  Shield Battery  
  28  3:13  Adept x2 (Chrono Boost)  
  30  3:33  Void Ray (Chrono Boost)  
  34  3:59  Fleet Beacon  
  34  4:00  Shield Battery  
  34  4:18  Photon Cannon  
  34  4:25  Photon Cannon  
  34  4:29  Pylon  
  34  4:41  Tempest (Chrono Boost)  
  39  4:57  Shield Battery  
  39  4:59  Shield Battery  
  39  5:01  Warp Gate  
  37  5:18  Tempest (Chrono Boost)  
  42  5:45  Photon Cannon  
  42  5:47  Pylon  
  42  5:50  Pylon  
  42  6:06  Tempest (Chrono Boost)  
  42  6:09  Shield Battery  
  47  6:23  Shield Battery  
  47  6:30  Photon Cannon  
  47  6:48  Pylon  
  47  6:56  Pylon  
  47  7:06  Oracle (Chrono Boost)  
  50  7:20  Probe  
  51  7:31  Nexus  
  51  7:41  Tempest (Chrono Boost)  
  51  8:15  Stalker  
  51  8:17  Tempest  
  58  8:25  Probe  
  59  8:31  Twilight Council  
  59  8:37  Pylon, Probe  
  60  9:00  Tempest  
  65  9:05  Pylon  
  61  9:23  Stalker  
  61  9:24  Stalker  
  36  9:43  Dark Shrine  
  29  10:19  Gateway  
  24  10:31  Gateway  
Show
View Real Time Build Order
Export as new Build Order

Clem Terran - Winner!

Build Orders:  

Get SALT Encoding   

  12  0:00  SCV  
  13  0:12  SCV  
  14  0:17  Supply Depot  
  14  0:25  SCV  
  15  0:38  SCV  
  15  0:40  Barracks  
  16  0:45  Refinery  
  16  0:51  Supply Depot  
  16  0:55  SCV  
  17  1:07  SCV  
  17  1:21  Barracks  
  17  1:27  Bunker, Marine  
  17  1:30  SCV  
  19  1:45  Marine  
  20  1:49  Orbital Command  
  20  1:54  Factory  
  20  2:01  Supply Depot  
  20  2:17  Refinery  
  20  2:22  Marine  
  20  2:23  SCV  
  22  2:30  Bunker  
  23  2:37  Factory Tech Lab  
  23  2:44  Supply Depot, Marine  
  23  3:06  SCV, Cyclone  
  23  3:07  Starport  
  27  3:13  Supply Depot  
  27  3:18  SCV  
  28  3:22  Barracks Reactor  
  28  3:31  SCV  
  29  3:38  Cyclone  
  32  3:43  SCV  
  33  3:49  Supply Depot  
  33  4:03  Viking  
  33  4:06  Marine  
  33  4:07  Viking  
  38  4:15  Supply Depot  
  38  4:23  Marine  
  39  4:34  Viking  
  39  4:37  Viking  
  43  4:41  Supply Depot  
  43  4:58  Siege Tank  
  46  5:02  SCV, Supply Depot  
  46  5:05  Marine  
  48  5:11  Viking  
  50  5:23  Marine  
  50  5:26  Viking  
  53  5:42  Command Center  
  53  5:51  Viking  
  55  6:04  Viking  
  56  6:08  Marine  
  57  6:17  Supply Depot  
  57  6:23  Viking  
  59  6:34  Viking  
  59  6:35  Marine  
  62  6:47  Supply Depot  
  62  6:58  SCV  
  62  7:00  Viking  
  65  7:10  Viking  
  67  7:21  Orbital Command  
  67  7:29  Siege Tank  
  70  7:37  Viking  
  70  7:39  Marine  
  70  7:41  SCV  
  74  7:49  Bunker  
  75  7:53  SCV  
  75  7:56  Medivac  
  75  7:57  Marine  
  78  8:10  SCV x2, Viking  
  80  8:17  Supply Depot  
  80  8:20  Marine  
  81  8:29  Viking  
  83  8:35  SCV x2, Supply Depot  
  85  8:41  Viking  
  87  8:49  Refinery  
  87  8:52  Refinery  
  87  8:55  Engineering Bay  
  87  8:57  Supply Depot  
  87  9:01  Viking  
  89  9:04  Marine  
  90  9:15  Viking  
  90  9:22  Marine  
  88  9:29  Missile Turret  
  88  9:40  Marine  
  88  9:41  Siege Tank  
  91  9:52  Supply Depot  
  90  9:54  Barracks x2  
  90  9:55  SCV  
  90  9:56  Barracks, SCV  
  88  10:08  Viking  
  88  10:16  Viking  
  88  10:22  SCV x2  
Tags
 
Add a new tag
Caveats
  • Supply blocks, unpowered buildings, or Contaminate may cause inaccurate times.
  • Supply counts are checked every 10 seconds.